 Dungeon Crawl Stone Soup version 0.17-a0-1951-g62301d3 (webtiles) character file.

220 Roadrunner the Chopper (level 5, 0/26 HPs)
             Began as a Vine Stalker Warper on Oct 2, 2015.
             Succumbed to a worker ant's poison
             ... on level 4 of the Dungeon.
             The game lasted 00:10:47 (930 turns).

Roadrunner the Chopper (Vine Stalker Warper)         Turns: 930, Time: 00:10:47

Health: 0/26       AC:  4    Str: 13    XL:     5   Next: 97%
Magic:  6/9        EV: 12    Int: 13    God:
Gold:   125        SH:  0    Dex: 15    Spells: 1 memorised, 7 levels left

rFire  . . .     SeeInvis .     a - +0 hand axe
rCold  . . .     Clarity  .     b - +0 leather armour
rNeg   . . .     SustAt   .     (no shield)
rPois  .         Gourm    .     (no helmet)
rElec  .         Spirit   +     (no cloak)
rCorr  .         Warding  .     j - +0 pair of gloves
rMut   .         Stasis   .     (no boots)
MR     .....                    (no amulet)
Stlth  +.........               (no ring)
                                (no ring)

@: lethally poisoned (0 -> -10), not resistant to hostile enchantments, very
unstealthy
A: fangs 2, regeneration 1, magic shield, antimagic bite, no device heal 3, rot
immunity
a: no special abilities


You were on level 4 of the Dungeon.
You were not hungry.

You visited 2 branches of the dungeon, and saw 9 of its levels.

You collected 125 gold pieces.

Inventory:

Hand weapons
 a - a +0 hand axe (weapon)
Missiles
 e - 5 tomahawks of dispersal
 k - 9 tomahawks (quivered)
 u - 3 poisoned javelins
Armour
 b - a +0 leather armour (worn)
 j - a +0 pair of gloves (worn)
Magical devices
 p - a wand of magic darts (12)
 s - a wand of digging (13)
Scrolls
 d - a scroll of blinking
 g - 3 scrolls of identify {unknown}
 i - a scroll of fear {unknown}
 v - a scroll of noise {unknown}
Potions
 h - a potion of magic {unknown}
 l - a potion of might {unknown}
 m - a potion of mutation {unknown}
 n - a potion of agility {unknown}
 q - a potion of beneficial mutation {unknown}
 t - a potion of experience {unknown}
 w - a potion of degeneration {unknown}
Books
 c - a book of Spatial Translocations

   Spells                             Type                      Level
   a - Apportation                    Translocation                1
   b - Blink                          Translocation                2
   c - Shroud of Golubria             Charms/Translocation         2
   d - Portal Projectile              Translocation                3
   e - Teleport Other                 Translocation                3
   f - Passage of Golubria            Translocation                4
Comestibles
 f - 2 bread rations
 o - a slice of pizza
 r - a meat ration


   Skills:
 - Level 1.7 Fighting
 + Level 5.4 Axes
 - Level 0.8 Throwing
 - Level 0.7 Armour
 - Level 1.5 Dodging
 - Level 2.1 Spellcasting
 - Level 3.0 Translocations


You had 7 spell levels left.
You knew the following spells:

 Your Spells              Type           Power        Failure   Level  Hunger
a - Apportation           Tloc           #.........   12%         1    ##.....


Dungeon Overview and Level Annotations

Branches:
Dungeon (8/15)             Temple (1/1) D:5
   Lair: D:8-11

Altars:
Dithmenos
Fedhas
Nemelex Xobeh
Okawaru
Qazlal
Sif Muna
Trog
Xom

Portals:
Sewer: D:5


Innate Abilities, Weirdness & Mutations

You have extremely sharp teeth.
Your natural rate of healing is unusually fast.
When hurt, damage is shared between your health and your magic reserves.
Your bite disrupts and absorbs the magic of your enemies.
Potions and wands cannot restore your health.
You are immune to rotting.


Message History

You barely miss the worker ant.
The worker ant is severely wounded.
You feel sick. The worker ant completely misses you.
You hit the worker ant but do no damage.
The worker ant is severely wounded.
You feel sick. The worker ant closely misses you. The worker ant bites you.
* * * LOW HITPOINT WARNING * * *
Your leather armour prevents you from hitting the worker ant.
The worker ant is severely wounded.
The worker ant closely misses you.
You closely miss the worker ant.
The worker ant is severely wounded.
* * * LOW HITPOINT WARNING * * *
You feel sick. The worker ant bites you.
* * * LOW HITPOINT WARNING * * *
You are more poisoned.
The worker ant poisons you!
You barely miss the worker ant. Your bite misses the worker ant.
The worker ant is severely wounded.
You die...

######## #......#
#......#
##############......#
#.....a@.....'......#
#.############......####
#.......... ####'#.####
#.# # #.# ############.#
#..........#.#
###.########.#.#


You could see a worker ant.

Vanquished Creatures
  An ogre (D:5)
  A scorpion (D:5)
  A hound skeleton (D:6)
  3 adders
  A shadow imp (D:5)
  2 oozes
  3 goblins
  A hobgoblin (D:2)
  12 jackals
  5 bats
  A giant gecko (D:1)
  3 kobolds
  A rat (D:3)
35 creatures vanquished.

Notes
Turn   | Place    | Note
--------------------------------------------------------------
     0 | D:1      | Roadrunner the Vine Stalker Warper began the quest for the Orb.
     0 | D:1      | Reached XP level 1. HP: 11/11 MP: 4/4
   195 | D:2      | Reached XP level 2. HP: 9/15 MP: 6/6
   330 | D:2      | Reached XP level 3. HP: 16/18 MP: 7/7
   561 | D:5      | Entered Level 5 of the Dungeon
   587 | D:6      | Reached XP level 4. HP: 23/23 MP: 8/8
   629 | D:5      | Noticed a scorpion
   634 | D:5      | Killed a scorpion
   634 | D:5      | Reached skill level 4 in Axes
   652 | D:5      | Noticed an ogre
   666 | D:5      | Killed an ogre
   666 | D:5      | Reached skill level 5 in Axes
   666 | D:5      | Reached XP level 5. HP: 4/26 MP: 7/9
   672 | D:5      | Found a staircase to the Ecumenical Temple.
   694 | Temple   | Entered the Ecumenical Temple
   821 | D:5      | Found a glowing drain.
   930 | D:4      | Succumbed to a worker ant's poison

Vault maps used:
D:1:      lightli_arrival_chessboard, minivault_19
D:2:      kennysheep_goblin_castle
D:4:      overflow_temple_1_default, first_bread
D:5:      minmay_temple_entry_mist, serial_shops, shop, gup_sewer_entry_glass
D:6:      serial_shops, shop, uniq_crazy_yiuf_cottage, uniq_sigmund,
          uniq_menkaure
D:7:      minitemple
D:8:      lemuel_zombie_altar_kikubaaqudgha, lair_0_dummy, the_bakery,
          uniq_psyche, uniq_grum
Temple:   jpeg_temple_alley_garden_8

Action                   |  1- 3 |  4- 6 || total
-------------------------+-------+-------++-------
Melee: Hand axe          |   111 |    39 ||   150
Throw: Javelin           |       |     6 ||     6
       Tomahawk          |       |     7 ||     7
